 Dungeon Crawl Stone Soup version 0.21-a0-264-g3e31e41 (webtiles) character file.

44629 Chiseanne the Warrior (level 14, -3/163 HPs)
             Began as an Ogre Wanderer on Sept 10, 2017.
             Was an Initiate of Gozag.
             Slain by a slime creature (18 damage)
             ... on level 10 of the Dungeon.
             The game lasted 01:08:11 (22689 turns).

Chiseanne the Warrior (Ogre Wanderer)              Turns: 22689, Time: 01:08:11

Health: -3/163     AC:  7    Str: 26    XL:     14   Next: 29%
Magic:  14/14      EV: 15    Int:  9    God:    Gozag
Gold:   428        SH:  0    Dex: 10    Spells: 12/13 levels left

rFire    + + .     SeeInvis +   a - +2 morningstar (flame)
rCold    + + +     Gourm    .   (no shield)
rNeg     + . .     Faith    .   U - +1 robe "Howk" {rElec rC+++ Int-4 Dex-3}
rPois    +         Spirit   .   (helmet restricted)
rElec    +         Reflect  .   q - +2 cloak
rCorr    .         Harm     .   (gloves unavailable)
MR       ++...                  (boots unavailable)
Stlth    +.........             P - amulet of regeneration
HPRegen  0.77/turn              e - ring "Redwam" {*Slow MR+ Str+8 SInv}
MPRegen  0.14/turn              I - ring "Isipibb" {*Contam rPois rF++ rN+}

@: gold aura, slowed, very slow
A: unfitting armour, blink, cold resistance 1, tough skin 1
a: Blink, Potion Petition, Call Merchant, Bribe Branch, Renounce Religion


You were on level 10 of the Dungeon.
You worshipped Gozag.
Gozag was aware of your devotion.
You were not hungry.

You visited 2 branches of the dungeon, and saw 16 of its levels.
You also visited: Labyrinth and Bailey.

You collected 4631 gold pieces.
You spent 1662 gold pieces at shops.
You paid 2541 gold pieces to Gozag.

Inventory:

Hand Weapons
 a - a +2 morningstar of flaming (weapon)
 d - a +2 scimitar of flaming
 s - a +4 scimitar of holy wrath
Missiles
 i - 4 large rocks (quivered)
 l - 463 stones
 C - 12 tomahawks
Armour
 q - a +2 cloak (worn)
 U - the +1 robe "Howk" (worn) {rElec rC+++ Int-4 Dex-3}
   (You bought it in a shop on level 12 of the Dungeon)

   It affects your intelligence (-4).
   It affects your dexterity (-3).
   It renders you almost immune to cold.
   It insulates you from electricity.
Jewellery
 e - the ring "Redwam" (left hand) {*Slow MR+ Str+8 SInv}
   (You took it off a minotaur in a labyrinth)

   [ring of protection from magic]

   It affects your strength (+8).
   It affects your resistance to hostile enchantments.
   It lets you see invisible.
   It may slow you when you take damage.
 I - the ring "Isipibb" (right hand) {*Contam rPois rF++ rN+}
   (You bought it in a shop on level 9 of the Dungeon)

   [ring of positive energy]

   It greatly protects you from fire.
   It protects you from poison.
   It protects you from negative energy.
   It causes magical contamination when unequipped.
 P - an amulet of regeneration (around neck)
Wands
 B - a wand of flame (8/48)
 M - a wand of confusion (3/48)
Scrolls
 f - 4 scrolls of immolation
 o - 10 scrolls of teleportation
 v - a scroll of summoning
 w - 3 scrolls of magic mapping
 x - 7 scrolls of remove curse
 G - 4 scrolls of fog
 R - a scroll of recharging
 T - a scroll of identify
Potions
 b - 8 potions of curing
 g - 3 potions of cancellation
 t - 3 potions of flight
Miscellaneous
 S - a fan of gales
Comestibles
 k - 7 meat rations
 D - 2 bread rations
 O - 2 fruits


   Skills:
 * Level 16.7 Fighting
 * Level 11.8(12.0) Maces & Flails
   Level 4.0(9.3) Staves
 * Level 8.8 Throwing
 * Level 12.3 Dodging
   Level 1.0 Shields
 - Level 1.0 Evocations


You had 12 spell levels left.
You knew the following spells:

 Your Spells              Type           Power        Failure   Level  Hunger
a - Apportation           Tloc           #.....       38%         1    ##.....


Dungeon Overview and Level Annotations

Branches:
Dungeon (15/15)            Temple (1/1) D:4            Lair (0/6) D:10
    Orc (0/2) D:9          Vaults (0/5) D:13         Depths (0/5) D:15

Altars:
Dithmenos
Elyvilon
Gozag
Hepliaklqana
Kikubaaqudgha
Makhleb
Okawaru
Qazlal
Sif Muna
Xom
Yredelemnul
Zin
The Shining One
Beogh

Shops:
D:4 *   D:7 (   D:9 =   D:11 [   D:12 [?   D:13 ?=

Annotations:
D:3 exclusion: upstairs


Innate Abilities, Weirdness & Mutations

You are too large for most types of armour.
You have tough skin. (AC +1)
You can translocate small distances at will.
Your flesh is cold resistant. (rC+)


Message History

The slime creature hits you but does no damage.
The slime creature closely misses you. The slime creature hits you!
* * * LOW HITPOINT WARNING * * *
You bludgeon the slime creature!! You burn the slime creature.
You kill the slime creature!
The slime creature barely misses you.
Throwing (i - inventory. (,) - cycle):
i - 5 large rocks (quivered)
Press: ? - help, Shift-Dir - straight line, f - slime creature
Aim: a slime creature You throw a large rock.
The large rock hits the slime creature!!
The slime creature is heavily wounded.
The slime creature hits you!
* * * LOW HITPOINT WARNING * * *
The slime creature hits you but does no damage.
The slime creature hits you!
* * * LOW HITPOINT WARNING * * *
You feel better. The slime creature hits you!!
You die...
Your body crumbles into a pile of gold.

.##...## ###.<...#
.#...### #....##
...#...## #....#
..###...### ####.# .##
###..=### ### .#
###...## #### ### ##
###..#####..#######.#
# ##...##........#.##
###..@J$........##
###............#
##...........# ####
##..........# ##..#
#..........#
##...#####..........#
##.....#>###.........#
#........# #.........#
##........#
##........#


You could see a slime creature.

Vanquished Creatures
  2 fire dragons
  A minotaur (Lab)
  An ice dragon (D:15)
  A rakshasa (D:11)
  7 centaur warriors
  11 two-headed ogres
  2 unseen horrors
  11 wizards
  A wolf spider (D:15)
  3 manticores
  11 ugly things
  4 deep elf magi
  The ghost of Akra the Jinx, a novice SpEn of Gozag (D:7)
  2 cyclopes
  Joseph (D:8)
  2 freezing wraiths
  An efreet (D:14)
  A troll (D:12)
  3 meliai
  4 hippogriffs
  Grinder (D:4)
  9 slime creatures
  2 meliai zombies (D:14)
  Eustachio (D:5)
  5 wyverns
  Grum (D:8)
  3 hungry ghosts
  Menkaure (D:4)
  A two-headed ogre zombie (D:9)
  3 water moccasins
  An acid dragon (D:14)
  7 orc warriors
  2 ice beasts
  3 sky beasts
  9 ogres
  4 phantoms
  3 wolves (D:8)
  2 centaurs
  2 crocodiles
  4 big kobolds
  Blork the orc (D:4)
  A wyvern zombie (D:11)
  11 bullfrogs
  8 gnoll sergeants (Bailey)
  5 scorpions
  3 killer bees (D:10)
  2 troll zombies (D:9)
  5 wights
  6 howler monkeys
  3 crimson imps
  3 bullfrog skeletons
  A quasit (D:9)
  2 bullfrog zombies
  3 jellies
  10 orc priests
  14 hounds
  6 gnoll shamans (Bailey)
  3 centaur skeletons
  4 iguanas
  3 orc wizards
  12 worker ants
  5 ogre zombies (D:9)
  A hound zombie (D:9)
  A hound skeleton (D:4)
  A worker ant zombie (D:11)
  13 gnolls (Bailey)
  20 adders
  3 shadow imps
  2 dart slugs
  3 leopard geckos
  36 orcs
  A ball python (D:3)
  5 giant cockroaches
  13 hobgoblins
  8 jackals
  2 quokkas
  3 bats
  2 frilled lizards
  A giant cockroach zombie (D:5)
  5 goblins
  A goblin skeleton (D:9)
  5 goblin zombies (D:9)
  2 hobgoblin zombies (D:9)
  2 jackal skeletons (D:5)
  19 kobolds
  A leopard gecko zombie (D:9)
  3 orc skeletons (D:9)
  13 orc zombies
  10 rats
421 creatures vanquished.

Vanquished Creatures (collateral kills)
  A gnoll (Bailey)
  A shadow imp (D:11)
  An orc (D:11)
3 creatures vanquished.

Vanquished Creatures (others)
  An ugly thing (D:11)
  A tengu conjurer (D:15)
2 creatures vanquished.

Grand Total: 426 creatures vanquished

Notes
Turn   | Place    | Note
-------+----------+-------------------------------------------
     0 | D:1      | Chiseanne the Ogre Wanderer began the quest for the Orb.
     0 | D:1      | Chiseanne set off with: a +2 quarterstaff, 2 potions of curing, a +0 robe, a bread ration
     0 | D:1      | Reached XP level 1. HP: 22/22 MP: 1/1
    18 | D:1      | Reached skill level 3 in Fighting
   120 | D:1      | Reached XP level 2. HP: 31/31 MP: 2/2
   594 | D:1      | Reached XP level 3. HP: 34/37 MP: 3/3
   636 | D:2      | Found a faded altar of an unknown god.
   676 | D:2      | Noticed an ogre
   676 | D:2      | Found a hazy altar of Hepliaklqana.
   676 | D:2      | Found a shimmering altar of Xom.
   676 | D:2      | Found a glowing silver altar of Zin.
   676 | D:2      | Found a shadowy altar of Dithmenos.
   787 | D:3      | Reached skill level 4 in Fighting
  1157 | D:3      | Reached XP level 4. HP: 43/49 MP: 4/4
  1629 | D:4      | Noticed an ogre
  1648 | D:4      | HP: 3/73 [ogre/giant club (14)]
  1649 | D:4      | Killed an ogre
  1649 | D:4      | Reached skill level 5 in Fighting
  1649 | D:4      | Reached skill level 1 in Maces & Flails
  1649 | D:4      | Reached XP level 5. HP: 3/57 MP: 5/5
  2001 | D:4      | Found a staircase to the Ecumenical Temple.
  2053 | Temple   | Entered the Ecumenical Temple
  2071 | Temple   | Became a worshipper of Gozag Ym Sagoz the Greedy
  2155 | D:4      | Noticed Menkaure
  2174 | D:4      | Killed Menkaure
  2174 | D:4      | Reached skill level 6 in Fighting
  2174 | D:4      | Reached XP level 6. HP: 47/67 MP: 6/6
  2328 | D:4      | Noticed Grinder
  2334 | D:4      | Killed Grinder
  2334 | D:4      | Reached XP level 7. HP: 75/76 MP: 7/7
  2684 | D:4      | Noticed Blork the orc
  2688 | D:4      | Killed Blork the orc
  2762 | D:4      | Found Koiwk's Assorted Antiques.
  2767 | D:4      | Bought a scroll labeled SOPLYRPHAYPT for 21 gold pieces
  2767 | D:4      | Bought a scroll labeled SOPLYRPHAYPT for 21 gold pieces
  2767 | D:4      | Bought a scroll of remove curse for 63 gold pieces
  2767 | D:4      | Bought a potion of might for 84 gold pieces
  2817 | D:5      | Entered Level 5 of the Dungeon
  3122 | D:5      | Reached skill level 7 in Fighting
  3159 | D:5      | Reached skill level 5 in Dodging
  3447 | D:5      | Reached XP level 8. HP: 19/87 MP: 8/8
  3989 | D:5      | Noticed Eustachio
  4008 | D:5      | Killed Eustachio
  4008 | D:5      | Reached skill level 8 in Fighting
  4450 | D:6      | Found a burning altar of Makhleb.
  5018 | D:6      | Noticed a hippogriff
  5021 | D:6      | Killed a hippogriff
  5021 | D:6      | Reached skill level 9 in Fighting
  5021 | D:6      | Reached skill level 5 in Maces & Flails
  5021 | D:6      | Reached XP level 9. HP: 98/98 MP: 9/9
  5396 | D:7      | Noticed Akra's ghost (novice SpEn)
  5431 | D:7      | Killed Akra's ghost
  5817 | D:7      | Found a basalt altar of Yredelemnul.
  5858 | D:7      | Found Ticricwu's Antique Weapon Boutique.
  5887 | D:7      | Found a white marble altar of Elyvilon.
  6062 | D:7      | Found a shadowy altar of Dithmenos.
  6078 | D:7      | Found an opulent altar of Gozag.
  6230 | D:8      | Noticed Joseph
  6257 | D:8      | Killed Joseph
  6257 | D:8      | Reached skill level 10 in Fighting
  6416 | D:8      | Got a crude falchion
  6419 | D:8      | Noticed Grum
  6430 | D:8      | Killed Grum
  6703 | D:8      | Identified the +7 falchion "Udawufe" {freeze, rPois Str+4 Int+2} (You found it on level 8 of the Dungeon)
  6705 | D:8      | Noticed a two-headed ogre
  6720 | D:8      | Killed a two-headed ogre
  6720 | D:8      | Reached skill level 11 in Fighting
  6720 | D:8      | Reached XP level 10. HP: 36/113 MP: 10/10
  8360 | D:9      | Found a staircase to the Orcish Mines.
  8430 | D:9      | Got a shimmering hunting sling
  8450 | D:9      | Identified the cursed +1 hunting sling "Esui" {speed, Fragile rPois rN++ SInv} (You found it on level 9 of the Dungeon)
  8565 | D:9      | Noticed a two-headed ogre
  8577 | D:9      | Killed a two-headed ogre
  8577 | D:9      | Reached skill level 12 in Fighting
  9140 | D:9      | Noticed a two-headed ogre
  9151 | D:9      | Killed a two-headed ogre
  9151 | D:9      | Reached XP level 11. HP: 88/124 MP: 11/11
 10045 | D:9      | Bought the ring "Isipibb" {*Contam rPois rF++ rN+} for 689 gold pieces
 10099 | D:9      | Noticed a two-headed ogre
 10105 | D:9      | Killed a two-headed ogre
 10363 | D:10     | Entered Level 10 of the Dungeon
 10597 | D:10     | Reached skill level 13 in Fighting
 10906 | D:10     | Noticed a wizard
 10922 | D:10     | Killed a wizard
 11299 | D:10     | Noticed a wizard
 11302 | D:10     | Gained mutation: You can translocate small distances at will. [potion of mutation]
 11302 | D:10     | Gained mutation: Your flesh is cold resistant. (rC+) [potion of mutation]
 11313 | D:10     | Noticed a wizard
 11321 | D:10     | Killed a wizard
 11400 | D:10     | Noticed a wizard
 11417 | D:10     | Killed a wizard
 11417 | D:10     | Reached skill level 1 in Throwing
 11442 | D:10     | Killed a wizard
 11442 | D:10     | Reached skill level 10 in Dodging
 11934 | D:10     | Found a staircase to the Lair.
 12169 | D:10     | Found the +3 warlock's mirror {reflect}
 12187 | D:10     | Noticed a wizard
 12196 | D:10     | Killed a wizard
 12255 | D:10     | Noticed a wizard
 12257 | D:10     | Killed a wizard
 12275 | D:10     | Noticed a wizard
 12285 | D:10     | Killed a wizard
 12360 | D:10     | Noticed a wizard
 12377 | D:10     | Killed a wizard
 12377 | D:10     | Reached XP level 12. HP: 136/137 MP: 12/12
 12397 | D:10     | Paralysed by a wizard for 7 turns
 12409 | D:10     | Reached skill level 14 in Fighting
 12712 | D:11     | Noticed a rakshasa
 12767 | D:11     | Killed a rakshasa
 13006 | D:11     | Noticed a centaur warrior
 13023 | D:11     | Killed a centaur warrior
 13581 | D:11     | Reached skill level 10 in Maces & Flails
 13598 | D:11     | Noticed a two-headed ogre
 13894 | D:11     | Found Refof's Antique Armour Emporium.
 14072 | D:11     | Noticed a two-headed ogre
 14079 | D:11     | Killed a two-headed ogre
 14220 | D:11     | Killed a two-headed ogre
 14465 | D:12     | Found Eroutt's Magic Scroll Boutique.
 14505 | D:12     | Bought a scroll of immolation for 49 gold pieces
 14505 | D:12     | Bought a scroll of identify for 28 gold pieces
 14505 | D:12     | Bought a scroll of identify for 28 gold pieces
 14519 | D:12     | Noticed a two-headed ogre
 14529 | D:12     | Killed a two-headed ogre
 14529 | D:12     | Reached skill level 5 in Throwing
 14697 | D:12     | Found a flagged portal.
 14706 | Bailey   | Entered a bailey
 16374 | D:12     | Bought an ichor-stained robe for 131 gold pieces
 16375 | D:12     | Identified the +1 robe "Howk" {rElec rC+++ Int-4 Dex-3} (You bought it in a shop on level 12 of the Dungeon)
 16428 | D:12     | Noticed a centaur warrior
 16440 | D:12     | Killed a centaur warrior
 16440 | D:12     | Reached skill level 15 in Fighting
 16514 | D:12     | Noticed an eight-headed hydra
 16601 | D:12     | Noticed a two-headed ogre
 16612 | D:12     | Killed a two-headed ogre
 16652 | D:12     | Reached XP level 13. HP: 120/149 MP: 13/13
 17697 | D:13     | Bought an uncursed amulet of regeneration for 450 gold pieces
 17717 | D:13     | Found Saromiug's Magic Scroll Emporium.
 17720 | D:13     | Bought a scroll of teleportation for 42 gold pieces
 17720 | D:13     | Bought a scroll of fog for 28 gold pieces
 17720 | D:13     | Bought a scroll of identify for 28 gold pieces
 18066 | D:13     | Found a roughly hewn altar of Beogh.
 18088 | D:13     | Learned a level 1 spell: Apportation
 18572 | D:13     | Found a gate to the Vaults.
 19463 | D:14     | Reached skill level 16 in Fighting
 19633 | D:14     | Found a shadowy altar of Dithmenos.
 19892 | D:14     | Noticed a fire dragon
 19902 | D:14     | Killed a fire dragon
 20269 | D:14     | Reached XP level 14. HP: 141/163 MP: 14/14
 20407 | D:15     | Entered Level 15 of the Dungeon
 20426 | D:15     | Found a labyrinth entrance.
 20451 | Lab      | Entered a labyrinth
 21927 | Lab      | Got a steaming pewter ring
 21946 | Lab      | Identified the Papyrus of Unholy Protection
 22122 | D:15     | Identified the ring "Redwam" {*Slow MR+ Str+8 SInv} (You took it off a minotaur in a labyrinth)
 22371 | D:15     | Found a staircase to the Depths.
 22688 | D:10     | HP: 8/163 [slime creature (7)]
 22689 | D:10     | Slain by a slime creature

Vault maps used:
D:1:      dpeg_arrival_ratfight
D:2:      nicolae_overflow_hidden_temple, chequers_ecumenical_altar_simple
D:3:      cheibrodos_helix_gallery
D:4:      minmay_temple_entry_grid, serial_shops, kennysheep_little_box,
          minmay_goblin_kobold_house, uniq_menkaure, uniq_blork_the_orc,
          uniq_grinder
D:5:      first_bread, kennysheep_opposing_triangles, uniq_eustachio
D:6:      makhleb_heckhound_becter
D:7:      old_standard_altar, nicolae_overflow_crystal_walls, basic_altar,
          serial_shops, shop, nrook_mini_backslash, grunt_ogre_cave,
          nicolae_gozag_cash_rules_everything_around_me
D:8:      hangedman_decor_peaks_small, uniq_joseph, uniq_grum
D:9:      zombieorc2_lemuel
D:10:     minmay_smoke_and_mirrors, lair_entry_dummy
D:11:     hangedman_cross_cluster, serial_shops, shop
D:12:     enter_bailey_2, serial_shops, shop_statue
D:13:     david_vaults_1, serial_shops, nicolae_shop_behind_doors,
          hangedman_decor_riveting
D:14:     grunt_dithmenos_smoke_and_mirrors
D:15:     grunt_enter_depths_hoard, lab_entry_generic, serial_bayou_lagoon_a
Temple:   eino_temple_scatter_basement
Lab:      nicolae_lab_dead_adventurers
Bailey:   bailey_polearm_gnolls_kennysheep, bailey

Skill      XL: |  1  2  3  4  5  6  7  8  9 10 11 12 13 |
---------------+----------------------------------------+-----
Fighting       | 3 4 5 6 7 9 11 12 13 15 16 | 16.7
Dodging        | 2 3 4 5 6 8 9 10 11 12 | 12.3
Maces & Flails | 1 2 3 5 7 8 9 10 11 | 11.8
Throwing       | 3 5 8 |  8.8
Staves         | |  4.0
Shields        | |  1.0
Evocations     | |  1.0

Action                   |  1- 3 |  4- 6 |  7- 9 | 10-12 | 13-15 || total
-------------------------+-------+-------+-------+-------+-------++-------
Melee: Quarterstaff      |    87 |    14 |       |       |       ||   101
       Morningstar       |       |    42 |   230 |   709 |   410 ||  1391
Throw: Tomahawk          |       |       |       |    30 |    31 ||    61
       Stone             |       |       |       |    20 |     1 ||    21
       Large rock        |       |       |       |       |    38 ||    38
       Throwing net      |       |       |       |       |     7 ||     7
Invok: Potion Petition   |       |       |     1 |       |     1 ||     2
       Call Merchant     |       |       |       |     2 |     1 ||     3
Evoke: Wand              |       |       |    19 |    13 |     3 ||    35
       Sack of spiders   |       |       |       |     4 |       ||     4
  Use: Scroll            |     6 |     7 |    13 |    14 |     3 ||    43
       Potion            |       |     3 |     6 |     3 |     8 ||    20
 Stab: Sleeping          |     1 |     2 |     3 |     4 |     2 ||    12
       Distracted        |       |       |       |     5 |     1 ||     6
       Held in net/web   |       |       |       |       |     7 ||     7
       Invisible         |       |       |       |       |    12 ||    12
  Eat: Chunk             |     1 |     3 |       |       |       ||     4
       Bread ration      |       |       |     2 |     6 |     4 ||    12
       Fruit             |       |       |     3 |     5 |     2 ||    10
       Royal jelly       |       |       |     2 |     2 |       ||     4
Armor: Robe              |    20 |    11 |    53 |   116 |    80 ||   280
       Skin              |       |     6 |    12 |       |       ||    18
Dodge: Dodged            |    39 |    26 |   146 |   628 |   370 ||  1209

Table legend:
 A = Spawn XP
 B = Non-spawn XP
 C = Spawn XP percentage of total XP
 D = Spawn monster count
 E = Non-spawn monster count
 F = Spawn count percentage of total count
 G = Total turns spent on level
                    A         B        C        D         E        F      G
               +---------+---------+-------+---------+---------+-------+---------
         Total |       0 |   63757 |   0.0 |       0 |     426 |   0.0 | 22689
               +---------+---------+-------+---------+---------+-------+---------
           D:1 |       0 |      35 |   0.0 |       0 |      23 |   0.0 |   631
           D:2 |       0 |       2 |   0.0 |       0 |       1 |   0.0 |    65
           D:3 |       0 |     109 |   0.0 |       0 |      27 |   0.0 |   933
           D:4 |       0 |     805 |   0.0 |       0 |      21 |   0.0 |  1151
           D:5 |       0 |     697 |   0.0 |       0 |      24 |   0.0 |  1611
           D:6 |       0 |     916 |   0.0 |       0 |      12 |   0.0 |   905
           D:7 |       0 |     721 |   0.0 |       0 |       5 |   0.0 |   883
           D:8 |       0 |    3457 |   0.0 |       0 |      36 |   0.0 |  1492
           D:9 |       0 |    4311 |   0.0 |       0 |      56 |   0.0 |  2655
          D:10 |       0 |    8754 |   0.0 |       0 |      39 |   0.0 |  2269
          D:11 |       0 |    5891 |   0.0 |       0 |      35 |   0.0 |  1841
          D:12 |       0 |    7420 |   0.0 |       0 |      26 |   0.0 |  1659
          D:13 |       0 |   10192 |   0.0 |       0 |      53 |   0.0 |  1970
          D:14 |       0 |   10896 |   0.0 |       0 |      23 |   0.0 |   957
          D:15 |       0 |    7283 |   0.0 |       0 |      14 |   0.0 |   633
           Lab |       0 |    1078 |   0.0 |       0 |       1 |   0.0 |  1564
        Bailey |       0 |    1190 |   0.0 |       0 |      30 |   0.0 |  1433
               +---------+---------+-------+---------+---------+-------+---------
